 Dungeon Crawl Stone Soup version 0.18-b1-10-g3f7de93 (webtiles) character file.

85 GFox the Shield-Bearer (level 4, -2/37 HPs)
             Began as a Formicid Fighter on Apr 30, 2016.
             Killed from afar by an orc wizard (6 damage)
             ... with a magic dart
             ... on level 4 of the Dungeon.
             The game lasted 00:10:15 (1133 turns).

GFox the Shield-Bearer (Formicid Fighter)           Turns: 1133, Time: 00:10:15

Health: -2/37      AC:  7    Str: 27    XL:     4   Next: 75%
Magic:  4/4        EV:  8    Int:  7    God:
Gold:   88         SH: 10    Dex: 10    Spells: 0 memorised, 3 levels left

rFire  . . .     SeeInvis +     a - +0 war axe
rCold  . . .     Gourm    .     b - +0 scale mail
rNeg   . . .     Faith    .     c - +0 shield
rPois  .         Spirit   .     (helmet unavailable)
rElec  .         Dismiss  .     (no cloak)
rCorr  .         Reflect  .     (no gloves)
SustAt .         Harm     .     (no boots)
MR     .....                    (no amulet)
Stlth  ..........               (no ring)
                                (no ring)

@: mighty, not resistant to hostile enchantments, extremely unstealthy
A: permanent stasis, dig shafts and tunnels, four strong arms, antennae 3
a: Dig, Shaft Self


You were on level 4 of the Dungeon.
You were not hungry.

You visited 1 branch of the dungeon, and saw 3 of its levels.

You collected 88 gold pieces.

Inventory:

Hand Weapons
 a - a +0 war axe (weapon)
Armour
 b - a +0 scale mail (worn)
 c - a +0 shield (worn)
Jewellery
 p - a +3 ring of evasion {unknown}
Scrolls
 h - a scroll of remove curse {unknown}
 i - a scroll of fear {unknown}
 k - 2 scrolls of random uselessness {unknown}
 l - a scroll of teleportation {unknown}
 n - 2 scrolls of identify {unknown}
 q - a scroll of recharging {unknown}
Potions
 e - a potion of cure mutation {unknown}
 g - a potion of flight {unknown}
 j - 2 potions of haste {unknown}
 m - a potion of degeneration {unknown}
 r - a potion of magic {unknown}
Comestibles
 f - a bread ration
 o - a beef jerky
 s - 3 chunks of flesh
 t - a slice of pizza


   Skills:
 + Level 4.0 Fighting
 + Level 2.6 Axes
 + Level 4.1 Armour
 + Level 0.6 Dodging
 + Level 4.2 Shields


You had 3 spell levels left.
You didn't know any spells.

Dungeon Overview and Level Annotations

Branches:
Dungeon (2/15)

Altars:

Annotations:
D:4 Edmund


Innate Abilities, Weirdness & Mutations

You are under a permanent stasis effect.
You can dig through walls and to a lower floor.
Your four strong arms can wield two-handed weapons with a shield.
You have a pair of large antennae on your head (SInv).


Message History

Edmund closely misses you.
You barely miss Edmund.
Edmund is heavily wounded.
You hit the orc wizard.
The orc wizard is moderately wounded.
The orc wizard hits you but does no damage.
Edmund hits you but does no damage.
The orc wizard hits you but does no damage.
You hit Edmund.
Edmund is heavily wounded.
You closely miss the orc wizard.
The orc wizard is moderately wounded.
Edmund hits you with a flail of holy wrath.
* * * LOW HITPOINT WARNING * * *
You block the orc wizard's attack. You block Edmund's attack.
Drink which item? (? for menu, Esc to quit)
You feel very mighty all of a sudden. The orc wizard casts a spell at you.
The magic dart hits you!
You die...

### #..
#.# ####
#.##.....
#....#
#@.# #@o#
.o...
#...###
#...#
#....
#.#.. ..
..#


You could see Edmund, an orc wizard (invisible) and an orc.

Vanquished Creatures
  An orc priest (D:4)
  Terence (D:2)
  A worm (D:2)
  A dart slug (D:1)
  A giant gecko (D:1)
  6 bats (D:1)
  3 giant cockroaches
  A hobgoblin (D:1)
  3 jackals (D:1)
  A giant newt (D:1)
  5 kobolds
  6 rats
30 creatures vanquished.

Notes
Turn   | Place    | Note
--------------------------------------------------------------
     0 | D:1      | GFox the Formicid Fighter began the quest for the Orb.
     0 | D:1      | Reached XP level 1. HP: 18/18 MP: 1/1
    67 | D:1      | Reached XP level 2. HP: 24/24 MP: 2/2
   534 | D:1      | Reached XP level 3. HP: 28/29 MP: 3/3
  1020 | D:2      | Noticed Terence
  1033 | D:2      | Killed Terence
  1033 | D:2      | Reached XP level 4. HP: 28/37 MP: 4/4
  1117 | D:2      | You fall through a shaft for 2 floors!
  1117 | D:4      | Noticed Edmund
  1133 | D:4      | Killed from afar by an orc wizard

Skill      XL: |  1  2  3  4 |
---------------+-------------+-----
Shields        | 4 |  4.2
Armour         | 4 |  4.1
Fighting       | 4 |  4.0
Axes           | |  2.6
Dodging        | |  0.6

Action                   |  1- 3 |  4- 6 || total
-------------------------+-------+-------++-------
Melee: War axe           |    90 |    19 ||   109
  Use: Potion            |       |     1 ||     1
  Eat: Chunk             |     1 |       ||     1
Armor: Scale mail        |    52 |     6 ||    58
Dodge: Dodged            |    27 |     9 ||    36
Block: Shield            |    60 |     9 ||    69
